| TOP OF THE 1ST |
|
Harrisburg Senators batting - Pitching for Columbia Fireflies : RHP Richard Pye
|
|
Pitching: RHP Richard Pye
|
|
|
Batting: SHB Dan Castaneda
|
0-0: Ball 1-0: Swinging Strike 1-1: Foul Ball, location: 2F 1-2: Foul Ball, location: 2F 1-2: Foul Ball, location: 2F 1-2: TRIPLE (Flyball, 89XD, EV 91.2 MPH)
|
|
Batting: RHB Ryan Hiemer
|
0-0: Foul Ball, location: 2F 0-1: Foul Ball, location: 2F 0-2: Ball 1-2: Foul Ball, location: 2F 1-2: Ball 2-2: Ground out 4-3 (Groundball, 34, EV 85.0 MPH) Dan Castaneda scores
|
|
Batting: RHB Hisayuki Akiyama
|
0-0: Ball 1-0: Ball 2-0: Ball 3-0: Called Strike 3-1: Ground out 6-3 (Groundball, 6, EV 78.8 MPH)
|
|
Batting: RHB Ben Welt
|
0-0: Called Strike 0-1: Hit by Pitch
|
|
Batting: RHB Donovan Auclair
|
0-0: Fielders Choice at 2nd, 6-4 (Groundball, 6, EV 81.9 MPH)
|
| Top of the 1st over - 1 run, 1 hit, 0 errors, 1 left on base; Harrisburg 1 - Columbia 0 |
| BOTTOM OF THE 1ST |
|
Columbia Fireflies batting - Pitching for Harrisburg Senators : RHP Todd Carbaugh
|
|
Pitching: RHP Todd Carbaugh
|
|
|
Batting: RHB Zhao-ying Joe
|
0-0: Called Strike 0-1: Foul Ball, location: 2F 0-2: Ball 1-2: Ball 2-2: Fly out, F9 (Flyball, 9, EV 85.0 MPH)
|
|
Batting: SHB Callum Lynch
|
0-0: Ball 1-0: Swinging Strike 1-1: Called Strike 1-2: Strikes out looking
|
|
Batting: LHB Bayesa Mundhir
|
0-0: Fly out, F9 (Flyball, 89M, EV 86.2 MPH)
|
| Bottom of the 1st over - 0 runs, 0 hits, 0 errors, 0 left on base; Harrisburg 1 - Columbia 0 |
| TOP OF THE 2ND |
|
Harrisburg Senators batting - Pitching for Columbia Fireflies : RHP Richard Pye
|
|
Batting: LHB Nate Melendez
|
0-0: Ball 1-0: Called Strike 1-1: Ball 2-1: Ball 3-1: Ground out 4-3 (Groundball, 4, EV 101.2 MPH)
|
|
Batting: LHB Shinji Adachi
|
0-0: Called Strike 0-1: Fly out, F7 (Flyball, 7D, EV 95.6 MPH)
|
|
Batting: RHB John McNeill
|
0-0: Foul Ball, location: 2F 0-1: Ball 1-1: Ground out 6-3 (Groundball, 6, EV 83.8 MPH)
|
| Top of the 2nd over - 0 runs, 0 hits, 0 errors, 0 left on base; Harrisburg 1 - Columbia 0 |
| BOTTOM OF THE 2ND |
|
Columbia Fireflies batting - Pitching for Harrisburg Senators : RHP Todd Carbaugh
|
|
Batting: SHB Justin Wallace
|
0-0: Ball 1-0: Foul Ball, location: 2F 1-1: Foul Ball, location: 2F 1-2: Foul Ball, location: 2F 1-2: Ball 2-2: Ball 3-2: SINGLE (Line Drive, 9S, EV 90.6 MPH)
|
|
Batting: LHB Tony Leyba
|
0-0: Ball 1-0: Swinging Strike 1-1: Called Strike 1-2: Strikes out swinging
|
|
Batting: RHB Artyom Shavkunov
|
0-0: Called Strike 0-1: Swinging Strike 0-2: Fly out, F3 (Popup, 23, EV 91.2 MPH)
|
|
Batting: RHB Jake Geib
|
0-0: Ball 1-0: Fly out, F7 (Flyball, 78M, EV 80.0 MPH)
|
| Bottom of the 2nd over - 0 runs, 1 hit, 0 errors, 1 left on base; Harrisburg 1 - Columbia 0 |
| TOP OF THE 3RD |
|
Harrisburg Senators batting - Pitching for Columbia Fireflies : RHP Richard Pye
|
|
Batting: RHB Josh Lykins
|
0-0: Ball 1-0: SINGLE (Groundball, 34, EV 101.9 MPH)
|
|
Batting: SHB Dan Castaneda
|
0-0: Ball 1-0: Ball 2-0: Called Strike 2-1: Swinging Strike 2-2: Ball 3-2: Base on Balls Josh Lykins to second
|
|
Batting: RHB Ryan Hiemer
|
0-0: Ball 1-0: Foul Ball, location: 2F 1-1: Ball 2-1: Called Strike 2-2: Ball 3-2: Fly out, F8 (Flyball, 8RD, EV 93.1 MPH)
|
|
Batting: RHB Hisayuki Akiyama
|
0-0: Fielders Choice at 2nd, 6-4 (Groundball, 6, EV 83.8 MPH) Josh Lykins to third
|
|
Batting: RHB Ben Welt
|
0-0: 3-RUN HOME RUN (Flyball, 9D, EV 100.0 MPH), Distance : 365 ft
|
|
Batting: RHB Donovan Auclair
|
0-0: Ball 1-0: Called Strike 1-1: Swinging Strike 1-2: Ground out 6-3 (Groundball, 56, EV 90.0 MPH)
|
| Top of the 3rd over - 3 runs, 2 hits, 0 errors, 0 left on base; Harrisburg 4 - Columbia 0 |
| BOTTOM OF THE 3RD |
|
Columbia Fireflies batting - Pitching for Harrisburg Senators : RHP Todd Carbaugh
|
|
Batting: RHB Dan Muse
|
0-0: Called Strike 0-1: Swinging Strike 0-2: Foul Ball, location: 2F 0-2: Ball 1-2: Foul Ball, location: 2F 1-2: Ball 2-2: Foul Ball, location: 2F 2-2: Ball 3-2: SINGLE (Line Drive, 89S, EV 111.2 MPH)
|
|
Batting: RHB Frank Shaw
|
0-0: Foul Ball, location: 2F 0-1: Ball 1-1: Grounds into double play, 6-4-3 (Groundball, 56, EV 78.1 MPH)
|
|
Batting: RHB Zhao-ying Joe
|
0-0: Ball 1-0: Ball 2-0: Ground out 6-3 (Groundball, 6M, EV 82.5 MPH)
|
| Bottom of the 3rd over - 0 runs, 1 hit, 0 errors, 0 left on base; Harrisburg 4 - Columbia 0 |
| TOP OF THE 4TH |
|
Harrisburg Senators batting - Pitching for Columbia Fireflies : RHP Richard Pye
|
|
Batting: LHB Nate Melendez
|
0-0: Called Strike 0-1: Foul Ball, location: 2F 0-2: Foul Ball, location: 2F 0-2: Ball 1-2: Foul Ball, location: 2F 1-2: Ball 2-2: SINGLE (Line Drive, 6D, EV 94.4 MPH)
|
|
Batting: LHB Shinji Adachi
|
0-0: Called Strike 0-1: Foul Ball, location: 2F 0-2: Strikes out swinging
|
|
Batting: RHB John McNeill
|
0-0: Ball 1-0: Foul Ball, location: 2F 1-1: SINGLE (Groundball, 4D, EV 102.5 MPH) Nate Melendez to second Runner from 2nd tries for 3rd, SAFE, throw by RF made to third
|
|
Batting: RHB Josh Lykins
|
0-0: Grounds into double play, 3-6-3 (Groundball, 34S, EV 80.0 MPH)
|
| Top of the 4th over - 0 runs, 2 hits, 0 errors, 1 left on base; Harrisburg 4 - Columbia 0 |
| BOTTOM OF THE 4TH |
|
Columbia Fireflies batting - Pitching for Harrisburg Senators : RHP Todd Carbaugh
|
|
Batting: SHB Callum Lynch
|
0-0: Ball 1-0: Ball 2-0: Called Strike 2-1: Ball 3-1: Base on Balls
|
|
Batting: LHB Bayesa Mundhir
|
0-0: Swinging Strike 0-1: Ball 1-1: Called Strike 1-2: Ball 2-2: Ball 3-2: Fly out, F7 (Flyball, 7, EV 88.8 MPH)
|
|
Batting: SHB Justin Wallace
|
0-0: Called Strike 0-1: Ball 1-1: Ball 2-1: Swinging Strike 2-2: Foul Ball, location: 2F 2-2: Foul Ball, location: 2F 2-2: Ball 3-2: Foul Ball, location: 2F 3-2: Strikes out swinging Callum Lynch is caught stealing 2nd base 2-6 Batter strikes out.
|
| Bottom of the 4th over - 0 runs, 0 hits, 0 errors, 0 left on base; Harrisburg 4 - Columbia 0 |
| TOP OF THE 5TH |
|
Harrisburg Senators batting - Pitching for Columbia Fireflies : RHP Richard Pye
|
|
Batting: SHB Dan Castaneda
|
0-0: Called Strike 0-1: Ball 1-1: Fly out, F8 (Flyball, 78M, EV 93.1 MPH)
|
|
Batting: RHB Ryan Hiemer
|
0-0: Ball 1-0: Ball 2-0: SINGLE (Groundball, 6MD, EV 101.9 MPH)
|
|
Batting: RHB Hisayuki Akiyama
|
0-0: Called Strike 0-1: Swinging Strike 0-2: Strikes out swinging
|
|
Pitching: LHP Keith Noftall
|
|
|
Batting: RHB Ben Welt
|
0-0: Swinging Strike 0-1: Ball 1-1: Foul Ball, location: 2F 1-2: Foul Ball, location: 2F 1-2: Foul Ball, location: 2F 1-2: SINGLE (Groundball, P, EV 84.4 MPH) (infield hit) Ryan Hiemer to second
|
|
Batting: RHB Donovan Auclair
|
0-0: Ball 1-0: Ball 2-0: Ball 3-0: Fly out, F4 (Line Drive, 4, EV 73.8 MPH)
|
| Top of the 5th over - 0 runs, 2 hits, 0 errors, 2 left on base; Harrisburg 4 - Columbia 0 |
| BOTTOM OF THE 5TH |
|
Columbia Fireflies batting - Pitching for Harrisburg Senators : RHP Todd Carbaugh
|
|
Batting: LHB Tony Leyba
|
0-0: Swinging Strike 0-1: Ground out 4-3 (Groundball, 4, EV 89.4 MPH)
|
|
Batting: RHB Artyom Shavkunov
|
0-0: Foul Ball, location: 2F 0-1: Ball 1-1: Ball 2-1: Ball 3-1: Base on Balls
|
|
Batting: RHB Jake Geib
|
0-0: Ball 1-0: Called Strike 1-1: Ball 2-1: Fly out, F9 (Flyball, 9S, EV 75.6 MPH)
|
|
Batting: RHB Dan Muse
|
0-0: Called Strike 0-1: Ball 1-1: Foul Ball, location: 2F 1-2: Ball 2-2: Ball 3-2: Fly out, F7 (Flyball, 7LM, EV 81.9 MPH)
|
| Bottom of the 5th over - 0 runs, 0 hits, 0 errors, 1 left on base; Harrisburg 4 - Columbia 0 |
| TOP OF THE 6TH |
|
Harrisburg Senators batting - Pitching for Columbia Fireflies : LHP Keith Noftall
|
|
Batting: LHB Nate Melendez
|
0-0: Ball 1-0: SINGLE (Flyball, 89S, EV 90.6 MPH)
|
|
Batting: LHB Shinji Adachi
|
0-0: Ball 1-0: Called Strike Nate Melendez is caught stealing 2nd base 2-6 1-1: Foul Ball, location: 2F 1-2: Foul Ball, location: 2F 1-2: Fly out, F8 (Flyball, 8RD, EV 106.2 MPH)
|
|
Batting: RHB John McNeill
|
0-0: Ball 1-0: Foul Ball, location: 2F 1-1: Ball 2-1: Ball 3-1: SINGLE (Groundball, 6MD, EV 108.1 MPH)
|
|
Batting: RHB Josh Lykins
|
0-0: Ball 1-0: Ball 2-0: Called Strike 2-1: Fly out, F9 (Flyball, 9S, EV 93.8 MPH)
|
| Top of the 6th over - 0 runs, 2 hits, 0 errors, 1 left on base; Harrisburg 4 - Columbia 0 |
| BOTTOM OF THE 6TH |
|
Columbia Fireflies batting - Pitching for Harrisburg Senators : RHP Todd Carbaugh
|
|
Batting: RHB Frank Shaw
|
0-0: Called Strike 0-1: Ball 1-1: Ball 2-1: Ball 3-1: Ground out 6-3 (Groundball, 6, EV 91.2 MPH)
|
|
Batting: RHB Zhao-ying Joe
|
0-0: Foul Ball, location: 2F 0-1: Ball 1-1: Fly out, F9 (Flyball, 9S, EV 90.6 MPH)
|
|
Batting: SHB Callum Lynch
|
0-0: SOLO HOME RUN (Flyball, 9D, EV 91.9 MPH), Distance : 362 ft
|
|
Batting: LHB Bayesa Mundhir
|
0-0: Reached on error, E4 (Groundball, 4, EV 79.4 MPH)
|
|
Pitching: RHP Chris Close
|
|
|
Batting: SHB Justin Wallace
|
0-0: Ball 1-0: Ball 2-0: Ball 3-0: Called Strike 3-1: Base on Balls Bayesa Mundhir to second
|
|
Pitching: LHP Kyle Bachman
|
|
|
Batting: LHB Tony Leyba
|
0-0: Fielders Choice at 2nd, 6-4 (Groundball, 6, EV 83.8 MPH)
|
| Bottom of the 6th over - 1 run, 1 hit, 1 error, 2 left on base; Harrisburg 4 - Columbia 1 |
| TOP OF THE 7TH |
|
Harrisburg Senators batting - Pitching for Columbia Fireflies : LHP Keith Noftall
|
|
Batting: SHB Dan Castaneda
|
0-0: DOUBLE (Line Drive, 78XD, EV 103.1 MPH)
|
|
Batting: RHB Ryan Hiemer
|
0-0: Called Strike 0-1: Ball 1-1: Ground out 4-3 (Groundball, 4, EV 85.0 MPH) Dan Castaneda to third
|
|
Batting: RHB Hisayuki Akiyama
|
0-0: Ball 1-0: Ball 2-0: Swinging Strike 2-1: Ball 3-1: Base on Balls
|
|
Batting: RHB Ben Welt
|
0-0: Ball 1-0: Ball Hisayuki Akiyama is caught stealing 2nd base 2-4 2-0: Foul Ball, location: 2F 2-1: Ball 3-1: Called Strike 3-2: Base on Balls
|
|
Batting: RHB Donovan Auclair
|
0-0: Ground out 2-3 (Groundball, 2L, EV 71.2 MPH)
|
| Top of the 7th over - 0 runs, 1 hit, 0 errors, 2 left on base; Harrisburg 4 - Columbia 1 |
| BOTTOM OF THE 7TH |
|
Columbia Fireflies batting - Pitching for Harrisburg Senators : LHP Kyle Bachman
|
|
Batting: RHB Artyom Shavkunov
|
0-0: Ball 1-0: Fly out, F4 (Popup, 4M, EV 50.6 MPH)
|
|
Batting: RHB Jake Geib
|
0-0: Ball 1-0: Foul Ball, location: 2F 1-1: Fly out, F7 (Flyball, 78D, EV 95.6 MPH)
|
|
Batting: RHB Dan Muse
|
0-0: Swinging Strike 0-1: Swinging Strike 0-2: Strikes out looking
|
| Bottom of the 7th over - 0 runs, 0 hits, 0 errors, 0 left on base; Harrisburg 4 - Columbia 1 |
| TOP OF THE 8TH |
|
Harrisburg Senators batting - Pitching for Columbia Fireflies : LHP Keith Noftall
|
|
Pitching: LHP Mike Capers
|
|
|
Batting: LHB Nate Melendez
|
0-0: Ball 1-0: Ball 2-0: Ball 3-0: Base on Balls
|
|
Batting: LHB Shinji Adachi
|
0-0: Foul Ball, location: 2F 0-1: Called Strike 0-2: Ball 1-2: Strikes out swinging
|
|
Batting: RHB John McNeill
|
0-0: Called Strike 0-1: Fielders Choice at 2nd, 4-6 (Groundball, 4MD, EV 83.8 MPH)
|
|
Batting: RHB Josh Lykins
|
0-0: Swinging Strike 0-1: Ball 1-1: Called Strike 1-2: Ball Wild Pitch! John McNeill to second 2-2: Strikes out looking
|
| Top of the 8th over - 0 runs, 0 hits, 0 errors, 1 left on base; Harrisburg 4 - Columbia 1 |
| BOTTOM OF THE 8TH |
|
Columbia Fireflies batting - Pitching for Harrisburg Senators : LHP Kyle Bachman
|
|
Batting: RHB Frank Shaw
|
0-0: DOUBLE (Groundball, 5L, EV 107.5 MPH)
|
|
Batting: RHB Zhao-ying Joe
|
0-0: Called Strike 0-1: Fly out, F8 (Flyball, 8RD, EV 95.0 MPH)
|
|
Batting: SHB Callum Lynch
|
0-0: Ball 1-0: Ball 2-0: Called Strike 2-1: Ball 3-1: Called Strike 3-2: Strikes out looking
|
|
Batting: LHB Bayesa Mundhir
|
0-0: Ball 1-0: Called Strike 1-1: Ball 2-1: Foul Ball, location: 2F 2-2: DOUBLE (Line Drive, 89D, EV 113.8 MPH) Frank Shaw scores
|
|
Batting: SHB Justin Wallace
|
0-0: Called Strike 0-1: Ball 1-1: Ball 2-1: Ground out 6-3 (Groundball, 6, EV 105.6 MPH)
|
| Bottom of the 8th over - 1 run, 2 hits, 0 errors, 1 left on base; Harrisburg 4 - Columbia 2 |
| TOP OF THE 9TH |
|
Harrisburg Senators batting - Pitching for Columbia Fireflies : LHP Mike Capers
|
|
Batting: SHB Dan Castaneda
|
0-0: Ball 1-0: Called Strike 1-1: Ground out 6-3 (Groundball, 6, EV 102.5 MPH)
|
|
Batting: RHB Ryan Hiemer
|
0-0: Fly out, F9 (Flyball, 9D, EV 88.1 MPH)
|
|
Batting: RHB Hisayuki Akiyama
|
0-0: Ball 1-0: Ball 2-0: Called Strike 2-1: Ball 3-1: Base on Balls
|
|
Batting: RHB Ben Welt
|
0-0: Ball 1-0: Called Strike Hisayuki Akiyama steals 2nd base 1-1: Foul Ball, location: 2F 1-2: Ball 2-2: Fly out, F9 (Flyball, 9S, EV 89.4 MPH)
|
| Top of the 9th over - 0 runs, 0 hits, 0 errors, 1 left on base; Harrisburg 4 - Columbia 2 |
| BOTTOM OF THE 9TH |
|
Columbia Fireflies batting - Pitching for Harrisburg Senators : LHP Kyle Bachman
|
|
Pitching: LHP Kerry Baty
|
|
|
Batting: LHB Tony Leyba
|
0-0: Called Strike 0-1: Called Strike 0-2: Strikes out swinging
|
|
Batting: RHB Artyom Shavkunov
|
0-0: Called Strike 0-1: Ball 1-1: SINGLE (Line Drive, 4MD, EV 96.9 MPH)
|
|
Batting: RHB Jake Geib
|
0-0: Called Strike 0-1: Called Strike 0-2: Strikes out looking
|
|
Batting: RHB Dan Muse
|
0-0: Foul Ball, location: 2F 0-1: Ball 1-1: Foul Ball, location: 2F 1-2: 2-RUN HOME RUN (Flyball, 9D, EV 91.9 MPH), Distance : 351 ft
|
|
Batting: RHB Frank Shaw
|
0-0: Called Strike 0-1: Ball 1-1: Ball 2-1: Swinging Strike 2-2: Ball 3-2: Base on Balls
|
|
Batting: RHB Zhao-ying Joe
|
0-0: Ball 1-0: Ball 2-0: Called Strike 2-1: Called Strike 2-2: Ball 3-2: Strikes out swinging
|
| Bottom of the 9th over - 2 runs, 2 hits, 0 errors, 1 left on base; Harrisburg 4 - Columbia 4 |
| TOP OF THE 10TH |
|
Harrisburg Senators batting - Pitching for Columbia Fireflies : LHP Mike Capers
|
|
Batting: RHB Donovan Auclair
|
0-0: Called Strike 0-1: Swinging Strike 0-2: Ball 1-2: Strikes out swinging
|
|
Batting: RHB Jim Miske
|
0-0: Called Strike 0-1: Ball 1-1: Swinging Strike 1-2: Ball 2-2: Reached on error, E6 (Groundball, 6, EV 103.1 MPH)
|
|
Pinch Hitting: RHB Slavik Nebrodov
|
0-0: Ball 1-0: Foul Ball, location: 2F 1-1: Called Strike 1-2: SINGLE (Line Drive, 8RS, EV 94.4 MPH) Jim Miske to second
|
|
Batting: RHB John McNeill
|
0-0: Called Strike 0-1: Ball 1-1: Ball 2-1: Swinging Strike 2-2: Fly out, F6 (Popup, P, EV 82.5 MPH)
|
|
Pitching: RHP Justin Overlie
|
|
|
Pinch Hitting: SHB Alex Medina
|
0-0: Swinging Strike 0-1: Ball 1-1: Foul Ball, location: 2F 1-2: Ball 2-2: Strikes out looking
|
| Top of the 10th over - 0 runs, 1 hit, 1 error, 2 left on base; Harrisburg 4 - Columbia 4 |
| BOTTOM OF THE 10TH |
|
Columbia Fireflies batting - Pitching for Harrisburg Senators : LHP Kerry Baty
|
|
Pitching: RHP Alex Vasquez
|
|
|
Now at C: Alex Medina
|
|
|
Now at 1B: Slavik Nebrodov
|
|
|
Batting: SHB Callum Lynch
|
0-0: Ground out 4-3 (Groundball, 4M, EV 81.2 MPH)
|
|
Batting: LHB Bayesa Mundhir
|
0-0: Called Strike 0-1: Ball 1-1: SINGLE (Line Drive, 8LS, EV 94.4 MPH)
|
|
Batting: SHB Justin Wallace
|
0-0: Swinging Strike 0-1: Grounds into double play, 5-4-3 (Groundball, 56, EV 102.5 MPH)
|
| Bottom of the 10th over - 0 runs, 1 hit, 0 errors, 0 left on base; Harrisburg 4 - Columbia 4 |
| TOP OF THE 11TH |
|
Harrisburg Senators batting - Pitching for Columbia Fireflies : RHP Justin Overlie
|
|
Batting: SHB Dan Castaneda
|
0-0: Fly out, F8 (Flyball, 8RXD, EV 100.0 MPH)
|
|
Batting: RHB Ryan Hiemer
|
0-0: Foul Ball, location: 2F 0-1: Ball 1-1: SINGLE (Flyball, 89S, EV 87.5 MPH)
|
|
Batting: RHB Hisayuki Akiyama
|
0-0: Ball 1-0: Fielders Choice at 2nd, 6-4 (Groundball, 6, EV 109.4 MPH)
|
|
Batting: RHB Ben Welt
|
0-0: Called Strike 0-1: Ball Hisayuki Akiyama steals 2nd, throwing error, E2 Hisayuki Akiyama to third 1-1: 2-RUN HOME RUN (Flyball, 78XD, EV 106.2 MPH), Distance : 423 ft
|
|
Batting: RHB Donovan Auclair
|
0-0: Called Strike 0-1: Ball 1-1: Called Strike 1-2: Ball 2-2: Foul Ball, location: 2F 2-2: Strikes out swinging
|
| Top of the 11th over - 2 runs, 2 hits, 1 error, 0 left on base; Harrisburg 6 - Columbia 4 |
| BOTTOM OF THE 11TH |
|
Columbia Fireflies batting - Pitching for Harrisburg Senators : RHP Alex Vasquez
|
|
Batting: LHB Tony Leyba
|
0-0: Called Strike 0-1: Called Strike 0-2: Ball 1-2: Foul Ball, location: 2F 1-2: SINGLE (Groundball, 4D, EV 107.5 MPH)
|
|
Batting: RHB Artyom Shavkunov
|
0-0: Ball 1-0: Swinging Strike 1-1: Ball 2-1: Ball 3-1: SINGLE (Flyball, 89S, EV 88.8 MPH) Tony Leyba to second
|
|
Pinch Runner at 2nd Jason Caruso:
|
|
|
Batting: RHB Jake Geib
|
0-0: Sac Bunt to 3S - play at first, batter OUT! 3-1 Jason Caruso to third Artyom Shavkunov to second
|
|
Batting: RHB Dan Muse
|
0-0: Swinging Strike 0-1: Ball 1-1: Called Strike 1-2: Foul Ball, location: 2F 1-2: SINGLE (Groundball, 4S, EV 64.4 MPH) (infield hit) Jason Caruso scores Artyom Shavkunov to third
|
|
Batting: RHB Frank Shaw
|
0-0: Ball 1-0: Ball 2-0: Called Strike 2-1: Foul Ball, location: 2F 2-2: Foul Ball, location: 2F 2-2: Ball 3-2: Strikes out looking
|
|
Pitching: RHP Gilberto Ricalde
|
|
|
Batting: RHB Zhao-ying Joe
|
0-0: Ball 1-0: Swinging Strike 1-1: Called Strike 1-2: Ball 2-2: Strikes out looking
|
| Bottom of the 11th over - 1 run, 3 hits, 0 errors, 2 left on base; Harrisburg 6 - Columbia 5 |
|